 Dungeon Sprint DCSS version 0.26-a0-1101-g8f9f7f7418 (webtiles) character file.

Game seed: 16075998320417026949

4300000 Adamkad1 the Champion of Chaos (level 27, -17/292 HPs)
             Began as a Palentonga Gladiator on Dec 15, 2020.
             Was the Champion of Makhleb.
             Demolished by a sculptor of flesh
             ... wielding a +9 great sword
              (201 damage)
             ... in the Dungeon (Sprint VIII: "Arena of Blood").
             The game lasted 00:02:17 (43 turns).

Adamkad1 the Champion of Chaos (Palentonga Gladiator) Turns: 43, Time: 00:02:18

Health: -17/292    AC: 17    Str: 21    XL:     27
Magic:  9/54       EV: 31    Int: 10    God:    Makhleb [******]
Gold:   0          SH:  0    Dex: 20    Spells: 80/80 levels left

rFire    . . .     SeeInvis +   k - +∞ Axe of Woe
rCold    . . .     Faith    .   (shield currently unavailable)
rNeg     . . .     Spirit   .   b - +0 leather armour
rPois    .         Reflect  .   c - +0 helmet
rElec    .         Harm     .   (no cloak)
rCorr    .         Rampage  .   (no gloves)
Will     ++...     NoTele   +   (no barding)
Stlth    ++++++++++             (no amulet)
HPRegen  0.58/turn              (no ring)
MPRegen  0.34/turn              (no ring)

@: curled up
A: large, rugged brown scales 3, see invisible, deformed body, roll 1, armoured
tail, reflexive curl
a: Rolling Charge, Minor Destruction, Lesser Servant of Makhleb, Major
Destruction, Greater Servant of Makhleb, Renounce Religion


You were in the Dungeon.
You worshipped Makhleb.
Makhleb was exalted by your worship.
You visited 1 branch

Inventory:

Hand Weapons
 a - a +0 war axe
 k - the +∞ Axe of Woe (weapon)
   (You found it in the Dungeon)
Missiles
 d - 3 throwing nets (quivered)
Armour
 b - a +0 leather armour (worn)
 c - a +0 helmet (worn)
Scrolls
 j - a scroll of blinking
Potions
 e - a potion of curing
 f - a potion of heal wounds
 g - a potion of haste
 h - 2 potions of magic
 i - a potion of berserk rage


   Skills:
 O Level 27 Fighting
 * Level 13.4(15.4) Short Blades
 * Level 13.4(15.4) Long Blades
 O Level 27 Axes
 O Level 27 Maces & Flails
 O Level 27 Polearms
 O Level 27 Staves
 O Level 27 Slings
 * Level 11.4 Bows
 * Level 11.6 Crossbows
 O Level 27 Throwing
 O Level 27 Armour
 O Level 27 Dodging
 O Level 27 Stealth
 * Level 11.6 Shields
 O Level 27 Unarmed Combat
 O Level 27 Spellcasting
 * Level 12.5 Conjurations
 * Level 13.4 Hexes
 * Level 11.4 Summonings
 * Level 13.4 Necromancy
 * Level 13.3 Translocations
 * Level 13.4 Transmutations
 * Level 11.4 Fire Magic
 * Level 11.6 Ice Magic
 * Level 11.5 Air Magic
 * Level 12.4 Earth Magic
 * Level 11.5 Poison Magic
 O Level 27 Invocations
 * Level 12.4 Evocations


You had 80 spell levels left.
You didn't know any spells.
Your spell library was empty.

Dungeon Overview and Level Annotations

Branches:
Dungeon (1/1)

Altars:
Makhleb


Innate Abilities, Weirdness & Mutations

You are completely covered in rugged brown scales. (AC +3, +7% HP)
You have supernaturally acute eyesight. (SInv)
Armour fits poorly on your strangely shaped body.
You can roll at nearby foes to attack.
You have a long armoured tail.
You curl defensively after being hit.


Message History

Your Fire Magic skill increases to level 11!
Your Ice Magic skill increases to level 11!
Your Air Magic skill increases to level 11!
Your Earth Magic skill increases to level 12!
Your Poison Magic skill increases to level 11!
Your Evocations skill increases to level 12!
You hear a shout! x4
The large bag of meat hits you with a +9 giant spiked club!!!
The large bag of meat completely misses you.
You hear a shout!
The meat berserker hits you with a +9 battleaxe!!!
The meat berserker rages.
The small abomination barely misses you.
A crawling corpse merges with a small abomination to form a large abomination.
The destroyer blinks!
A destroyer comes into view. It is wielding a +9 vorpal great sword.
You hear a shout!
The sculptor of flesh hits you with a +9 great sword!!!!!
Ouch! That really hurt!
You die...

#O.....))_.)).......
Vo....§..###.))....O.
.o..###....○°)###....
V.....#.....z○#......
......#.X.).).#......
.....x..§)§...X......
#.....O.V§x)......#..
.....oO)xxO.)....#...
#...ooO@.o).)..##....
.....#zo.x)..)#......
......D.....).#...###
....##.#..........
... .............. ##
....#.....####..
............. .
..............
....=.....


You could see an eight-headed meat hydra, 3 destroyers, 2 sculptors of flesh, a
large bag of meat (inner flame), 2 large abominations, 3 meat berserkers, 3
small abominations, 7 bags of meat and 2 crawling corpses.

Vanquished Creatures
  Harold (D)
  4 vampire knights (D)
  14 ogres (D)
  2 two-headed ogres (D)
  36 orcs (D)
  3 skeletal warriors (D)
  2 large abominations (D)
  A small abomination (D)
  8 crawling corpses (D)
71 creatures vanquished.

Notes
Turn   | Place    | Note
-------+----------+-------------------------------------------
     0 | D        | Found the +∞ Axe of Woe
     0 | D        | Adamkad1 the Palentonga Gladiator began the quest for the
                  | Orb.
     0 | D        | Reached XP level 1. HP: 18/18 MP: 1/1
     3 | D        | Became a worshipper of Makhleb the Destroyer
     5 | D        | Noticed a bag of meat
     5 | D        | Noticed a bag of meat
     6 | D        | Noticed a meat berserker
     8 | D        | Noticed a bag of meat
     8 | D        | Noticed a bag of meat
     9 | D        | Killed a meat berserker
     9 | D        | Noticed a bag of meat
    10 | D        | Reached skill level 15 in Dodging
    10 | D        | Reached XP level 2. HP: 47/47 MP: 1/12
    10 | D        | Reached XP level 3. HP: 53/53 MP: 1/14
    10 | D        | Reached XP level 4. HP: 62/62 MP: 1/15
    10 | D        | Reached XP level 5. HP: 68/68 MP: 1/17
    10 | D        | Reached XP level 6. HP: 77/77 MP: 1/18
    10 | D        | Gained mutation: You curl defensively after being hit.
                  | [Palentonga growth]
    10 | D        | Reached XP level 7. HP: 84/84 MP: 1/20
    10 | D        | Reached XP level 8. HP: 92/92 MP: 1/21
    10 | D        | Reached XP level 9. HP: 99/99 MP: 1/22
    10 | D        | Reached XP level 10. HP: 108/108 MP: 1/23
    10 | D        | Reached XP level 11. HP: 114/114 MP: 1/24
    10 | D        | Reached XP level 12. HP: 123/123 MP: 1/25
    10 | D        | Reached XP level 13. HP: 130/130 MP: 1/26
    10 | D        | Noticed a bag of meat
    10 | D        | Killed a bag of meat
    10 | D        | Reached * piety under Makhleb
    10 | D        | Killed a bag of meat
    10 | D        | Killed a bag of meat
    10 | D        | Noticed a bag of meat
    10 | D        | Noticed a bag of meat
    10 | D        | Noticed a meat berserker
    10 | D        | Noticed a bag of meat
    11 | D        | Reached XP level 14. HP: 146/146 MP: 1/29
    11 | D        | Noticed a bag of meat
    11 | D        | Noticed a bag of meat
    11 | D        | Noticed a bag of meat
    11 | D        | Noticed a bag of meat
    11 | D        | Noticed a bag of meat
    11 | D        | Noticed a bag of meat
    11 | D        | Noticed a bag of meat
    11 | D        | Noticed a bag of meat
    11 | D        | Killed a bag of meat
    11 | D        | Reached ** piety under Makhleb
    11 | D        | Noticed a bag of meat
    11 | D        | Noticed a bag of meat
    11 | D        | Noticed a bag of meat
    12 | D        | Reached XP level 15. HP: 156/156 MP: 1/30
    12 | D        | Noticed a meat berserker
    14 | D        | Reached *** piety under Makhleb
    15 | D        | Reached skill level 27 in Axes
    15 | D        | Reached skill level 27 in Invocations
    15 | D        | Reached XP level 16. HP: 125/178 MP: 2/33
    15 | D        | Reached XP level 17. HP: 130/185 MP: 2/34
    15 | D        | Reached **** piety under Makhleb
    15 | D        | Killed a meat berserker
    15 | D        | Reached ***** piety under Makhleb
    16 | D        | Reached skill level 27 in Fighting
    16 | D        | Reached skill level 27 in Dodging
    16 | D        | Reached XP level 18. HP: 214/214 MP: 2/35
    17 | D        | Reached skill level 10 in Polearms
    17 | D        | Reached skill level 10 in Spellcasting
    17 | D        | Reached XP level 19. HP: 221/221 MP: 2/36
    17 | D        | Killed a meat berserker
    17 | D        | Noticed a meat berserker
    18 | D        | Reached skill level 15 in Maces & Flails
    18 | D        | Reached skill level 15 in Unarmed Combat
    19 | D        | Reached skill level 15 in Polearms
    19 | D        | Reached skill level 15 in Spellcasting
    19 | D        | Noticed a large bag of meat
    20 | D        | Reached XP level 20. HP: 231/231 MP: 2/39
    20 | D        | Reached ****** piety under Makhleb
    21 | D        | Reached skill level 15 in Armour
    21 | D        | Noticed a large bag of meat
    22 | D        | Noticed a meat berserker
    23 | D        | Reached skill level 15 in Throwing
    23 | D        | Reached skill level 15 in Stealth
    23 | D        | Noticed a destroyer
    24 | D        | Killed a meat berserker
    24 | D        | Noticed a meat berserker
    25 | D        | Reached XP level 21. HP: 239/239 MP: 4/44
    26 | D        | Killed a large bag of meat
    27 | D        | Noticed a destroyer
    28 | D        | Noticed a destroyer
    28 | D        | Noticed a destroyer
    29 | D        | Noticed The Servant
    29 | D        | Killed a destroyer
    30 | D        | Reached XP level 22. HP: 249/249 MP: 5/48
    30 | D        | Noticed a large bag of meat
    30 | D        | Killed The Servant
    31 | D        | Killed a destroyer
    32 | D        | Reached skill level 27 in Maces & Flails
    32 | D        | Reached XP level 23. HP: 256/256 MP: 5/52
    32 | D        | Killed a destroyer
    33 | D        | Reached skill level 27 in Unarmed Combat
    34 | D        | Reached skill level 27 in Polearms
    34 | D        | Reached skill level 27 in Spellcasting
    34 | D        | Reached XP level 24. HP: 266/266 MP: 6/54
    35 | D        | Reached skill level 27 in Armour
    36 | D        | Reached skill level 27 in Throwing
    36 | D        | Reached skill level 27 in Stealth
    36 | D        | Reached skill level 10 in Slings
    37 | D        | Reached XP level 25. HP: 274/274 MP: 7/54
    37 | D        | Noticed a large bag of meat
    38 | D        | Reached skill level 27 in Staves
    39 | D        | Reached skill level 27 in Slings
    39 | D        | Reached XP level 26. HP: 284/284 MP: 7/54
    39 | D        | Killed a destroyer
    39 | D        | Killed a large bag of meat
    40 | D        | Reached skill level 10 in Short Blades
    40 | D        | Reached skill level 10 in Long Blades
    40 | D        | Reached skill level 10 in Hexes
    40 | D        | Reached skill level 10 in Necromancy
    40 | D        | Reached skill level 10 in Translocations
    40 | D        | Reached skill level 10 in Transmutations
    41 | D        | Reached skill level 10 in Conjurations
    41 | D        | Reached XP level 27. HP: 292/292 MP: 8/54
    42 | D        | Reached skill level 10 in Bows
    42 | D        | Reached skill level 10 in Crossbows
    42 | D        | Reached skill level 10 in Shields
    42 | D        | Reached skill level 10 in Summonings
    42 | D        | Reached skill level 10 in Fire Magic
    42 | D        | Reached skill level 10 in Ice Magic
    42 | D        | Reached skill level 10 in Air Magic
    42 | D        | Reached skill level 10 in Poison Magic
    42 | D        | Noticed a destroyer
    42 | D        | Noticed a destroyer
    43 | D        | Noticed a destroyer
    43 | D        | Demolished by a sculptor of flesh

Illustrated notes

Levels and vault maps discovered:
D:        meatsprint

Skill      XL: |  1  2  3  4  5  6  7  8  9 10 11 12 13 14 15 16 17 18 19 20 21 22 23 24 25 26 27 |
---------------+----------------------------------------------------------------------------------+-----
Fighting       | 13 16 21 27 | 27.0
Axes           | 17 21 22 27 | 27.0
Dodging        | 15 18 19 24 27 | 27.0
Invocations    | 19 22 23 27 | 27.0
Maces & Flails | 8 11 17 20 24 27 | 27.0
Polearms       | 7 10 15 19 22 25 27 | 27.0
Throwing       | 6 9 13 16 19 22 24 27 | 27.0
Armour         | 7 9 14 17 21 23 25 27 | 27.0
Stealth        | 6 9 13 16 19 21 24 27 | 27.0
Unarmed Combat | 8 11 17 20 24 26 27 | 27.0
Spellcasting   | 7 10 15 19 22 25 27 | 27.0
Staves         | 20 27 | 27.0
Slings         | 16 27 | 27.0
Short Blades   | 3 10 13 | 13.4
Long Blades    | 3 10 13 | 13.4
Bows           | 2 9 11 | 11.4
Crossbows      | 2 9 11 | 11.6
Shields        | 2 9 11 | 11.6
Conjurations   | 3 10 12 | 12.5
Hexes          | 3 10 13 | 13.4
Summonings     | 2 9 11 | 11.4
Necromancy     | 3 10 13 | 13.4
Translocations | 3 10 13 | 13.3
Transmutations | 3 10 13 | 13.4
Fire Magic     | 2 9 11 | 11.4
Ice Magic      | 2 9 11 | 11.6
Air Magic      | 2 9 11 | 11.5
Earth Magic    | 3 9 12 | 12.4
Poison Magic   | 2 9 11 | 11.5
Evocations     | 3 9 12 | 12.4

Action                   |  1- 3 |  4- 6 |  7- 9 | 10-12 | 13-15 | 16-18 | 19-21 | 22-24 | 25-27 || total
-------------------------+-------+-------+-------+-------+-------+-------+-------+-------+-------++-------
Melee: Executioner's axe |     1 |       |       |       |     4 |     2 |    11 |     7 |     6 ||    31
Invok: Greater Servant o |       |       |       |       |       |       |     1 |       |       ||     1
 Abil: Rolling Charge    |       |       |       |       |     1 |       |     3 |     6 |     1 ||    11
Dodge: Dodged            |       |       |       |       |       |       |       |     1 |     2 ||     3

Table legend: (Time is in decaauts)
 A = Elapsed time spent in this place.
 B = Non-inter-level travel time spent in this place.
 C = Inter-level travel time spent in this place.
 D = Time resting spent in this place.
 E = Time spent auto-exploring this place.
 F = Levels seen in this place.
 G = Mean time per level.
                   A        B        C        D        E       F      G
               +--------+--------+--------+--------+--------+-----+--------+
         Total |     38 |     38 |      0 |      0 |      0 |   1 |   38.0 |
       Dungeon |     38 |     38 |      0 |      0 |      0 |   1 |   38.0 |
               +--------+--------+--------+--------+--------+-----+--------+

Top non-repeatable levels by time:
       D: 38 daAuts
